Atomiques vs Thunder
Created - 4 mars 2016 at 20:05
Goals
|
| Atomiques |
3 |
0 |
3 |
6 |
| Thunder |
1 |
2 |
1 |
4 |
|
Shots
|
| Atomiques |
16 |
7 |
9 |
32 |
| Thunder |
20 |
10 |
15 |
45 |
|
1st period
1. Atomiques , Brad Winchester 31 (Clayton Stoner, Nick Johnson) at 9:53
2. Atomiques , Kenndal McArdle 29 (Ryan Shannon) at 14:10
3. Thunder , Carl Hagelin 14 (Ryan O'Reilly, Pierre-Alexandre Parenteau) at 19:20
4. Atomiques , Tyler Kennedy 36 (Brad Winchester, Tyler Brenner) at 19:36
Penalties :
No Penalty
2nd period
5. Thunder , Pierre-Alexandre Parenteau 29 (Keith Yandle) at 8:04
6. Thunder , Ryan O'Reilly 22 (Keith Yandle, Carl Hagelin) at 18:18
Penalties :
Brandon Mashinter (TRO) for Hooking (Minor) at 10:26, Mat Clark (TRO) for Holding Stick (Minor) at 14:01, Alexander Sulzer (STB) for Interference (Minor) at 19:14
3rd period
7. Atomiques , Tyler Brenner 17 (Brad Winchester, Alexander Sulzer) at 8:58 (PP)
8. Thunder , Ryan O'Reilly 23 (David Fischer) at 11:22
9. Atomiques , Tyler Kennedy 37 (Tyler Brenner) at 17:51 (PP)
10. Atomiques , Brad Winchester 32 (Tyler Kennedy, Alexander Sulzer) at 19:06 (Empty Net)
Penalties :
Colby Cohen (TRO) for Holding (Minor) at 8:42, Tyler Brenner (STB) for Tripping (Minor) at 15:20, David Clarkson (TRO) for Roughing (Minor) at 17:42
Goalie Stats
Alex Auld (STB), 41 saves from 45 shots - (0,911), W, 14-17-4, 60:00 minutes
Corey Crawford (TRO), 26 saves from 31 shots - (0,839), L, 19-17-4, 59:40 minutes
Players Stats for Atomiques
Player Name G A P +/- PIM S H SB GA TA FO MP PP MP PK MP
------------------------------------------------------------------------------------
Alex Berry 0 0 0 -1 0 0 2 0 0 0 0/0 9:06 0:00 0:00
Alexander Sulzer 0 2 2 3 2 3 2 1 1 0 0/0 24:52 2:44 1:13
Andrew Kozek 0 0 0 -1 0 0 1 1 1 0 0/0 13:05 0:00 0:43
Anthony Nigro 0 0 0 0 0 0 0 0 0 0 0/0 0:00 0:00 0:00
Brad Winchester 2 2 4 2 0 5 1 0 0 1 1/7 21:20 2:30 2:22
Brett Sutter 0 0 0 -1 0 1 0 0 1 2 0/3 9:33 0:00 0:17
Casey Borer 0 0 0 -1 0 2 1 0 0 0 0/0 4:32 0:00 0:00
Clayton Stoner 0 1 1 1 0 0 0 1 0 1 0/0 10:07 0:00 0:00
Davis Drewiske 0 0 0 -3 0 0 3 2 0 1 0/0 19:18 1:39 1:34
Drew Larman 0 0 0 0 0 0 0 0 0 0 0/0 0:03 0:02 0:00
John McCarthy 0 0 0 -1 0 0 0 2 0 0 0/1 9:06 0:00 0:00
Kenndal McArdle 1 0 1 0 0 1 1 1 0 0 1/3 15:26 1:53 0:00
Kyle Wharton 0 0 0 1 0 0 1 0 0 0 0/0 10:07 0:00 0:00
Mac Bennett 0 0 0 0 0 0 0 0 0 0 0/0 1:11 0:00 1:11
Marc-André Cliche 0 0 0 -1 0 1 0 0 0 0 4/10 12:21 0:00 0:00
Marc-Antoine Pouliot 0 0 0 0 0 2 2 0 0 0 4/11 15:26 1:53 0:00
Nick Johnson 0 1 1 -1 0 1 0 0 0 0 0/0 13:35 0:00 1:13
Roman Polak 0 0 0 0 0 0 0 0 0 0 0/0 0:00 0:00 0:00
Ryan Shannon 0 1 1 0 0 2 0 0 2 0 0/1 16:23 1:53 0:57
Scott Jackson 0 0 0 -1 0 1 0 0 0 0 0/0 4:32 0:00 0:00
Shawn Belle 0 0 0 -3 0 0 1 2 0 2 0/0 19:18 1:39 1:34
Trevor Van Riemsdyk 0 0 0 0 0 0 0 0 0 0 0/0 0:00 0:00 0:00
Tyler Brenner 1 2 3 2 2 5 0 0 0 0 11/33 19:26 2:30 0:19
Tyler Kennedy 2 1 3 2 0 5 1 0 2 0 0/0 21:10 2:28 2:05
Victor Hedman 0 0 0 3 0 3 0 0 0 3 0/0 26:03 2:44 2:24
Players Stats for Thunder
Player Name G A P +/- PIM S H SB GA TA FO MP PP MP PK MP
------------------------------------------------------------------------------------
Adam Hall 0 0 0 -4 0 4 0 1 1 3 4/4 22:25 2:00 2:32
Bobby Farnham 0 0 0 0 0 0 0 0 0 0 0/0 0:20 0:13 0:00
Brandon Mashinter 0 0 0 0 2 6 0 0 0 0 6/9 11:04 0:00 0:00
Brett Festerling 0 0 0 0 0 1 0 0 0 0 0/0 10:20 0:00 0:00
Carl Hagelin 1 1 2 4 0 3 1 0 3 0 0/1 17:36 1:45 0:00
Casey Pierro-Zabotel 0 0 0 0 0 1 1 0 0 1 1/1 10:54 0:00 0:00
Colby Cohen 0 0 0 0 2 0 0 0 0 1 0/0 5:51 0:00 0:00
Dalton Smith 0 0 0 0 0 0 1 0 0 0 1/1 8:00 0:00 1:06
David Clarkson 0 0 0 0 2 2 2 0 1 0 1/1 11:58 0:13 0:45
David Fischer 0 1 1 0 0 1 1 0 0 0 0/0 18:42 1:23 1:53
Derek Forbort 0 0 0 0 0 0 0 0 0 0 0/0 0:00 0:00 0:00
Dmitri Orlov 0 0 0 0 0 0 0 0 0 0 0/0 5:52 0:00 0:00
Jannik Hansen 0 0 0 0 0 0 0 0 0 0 0/0 0:20 0:13 0:00
Jesse Blacker 0 0 0 0 0 0 0 0 0 0 0/0 0:00 0:00 0:00
Joey Ryan 0 0 0 0 0 0 1 2 0 0 0/0 18:42 1:23 1:53
Keith Yandle 0 2 2 0 0 6 1 3 0 0 0/0 25:06 2:35 2:30
Kelly Zajac 0 0 0 0 0 0 0 0 0 0 3/4 6:39 0:00 0:00
Mat Clark 0 0 0 0 2 0 1 0 0 0 0/0 10:23 0:00 0:00
Matt Generous 0 0 0 0 0 1 1 2 1 2 0/0 25:06 2:35 2:30
Pierre-Alexandre Parente 1 1 2 4 0 4 3 1 1 0 0/0 18:21 1:45 0:45
Robin Leblanc 0 0 0 0 0 2 0 0 0 0 1/1 7:51 0:00 1:01
Ryan O'Reilly 2 1 3 4 0 5 3 0 1 0 7/9 17:45 1:45 0:05
Scott Parse 0 0 0 -4 0 7 2 0 2 0 3/6 22:25 2:00 2:32
Taylor Doherty 0 0 0 0 0 0 0 0 0 0 0/0 0:00 0:00 0:00
Tom Pyatt 0 0 0 -4 0 2 1 0 0 0 21/32 19:53 2:00 0:00
3 Stars
1 - Ryan O'Reilly (TRO)
2 - Brad Winchester (STB)
3 - Tyler Kennedy (STB)
Power Play
Atomiques - 2 on 4 Attempt(s) - 50,00%
Thunder - 0 on 2 Attempt(s) - 0,00%
Penalty Kill
Atomiques - 2 on 2 Attempt(s) - 100,00%
- Score 0 goal in Penalty Kill
Thunder - 2 on 4 Attempt(s) - 50,00%
- Score 0 goal in Penalty Kill
Team Stat
Atomiques - Hits : 16 - Faceoff Wins : 21 - Blocked Shots : 10 - Penalty Minutes : 4
Thunder - Hits : 19 - Faceoff Wins : 48 - Blocked Shots : 9 - Penalty Minutes : 8
Official
Referees : Walkom Stephen and Fraser Kerry
Linesman : Darren Gibbs and Derek Nansen
Game Notes
Brad Winchester has scored in a empty net!
Finance
Level 1 -- Attendance: 1548 (77,40%) -- Ticket Income 54 180 $
Level 2 -- Attendance: 753 (75,30%) -- Ticket Income 11 295 $
Total Attendance: 2301 (76,70%)
Total Ticket Income: 65 475 $
Other Income: 3 274 $
Total Income: 68 749 $
Atomiques
5 vs 5 Forward
Center Left Wing Right Wing Time % Phy DF OF
1 Tyler Brenner Brad Winchester Tyler Kennedy 40 1 2 2
2 Marc-Antoine Pouliot Kenndal McArdle Ryan Shannon 30 1 2 2
3 Marc-André Cliche Andrew Kozek Nick Johnson 20 1 2 2
4 Brett Sutter John McCarthy Alex Berry 10 1 2 2
5 vs 5 Defense
Defense Defense Time % Phy DF OF
1 Alexander Sulzer Victor Hedman 40 1 2 2
2 Shawn Belle Davis Drewiske 30 1 2 2
3 Kyle Wharton Clayton Stoner 20 1 2 2
4 Scott Jackson Casey Borer 10 1 2 2
PowerPlay Forward
Center Left Wing Right Wing Time % Phy DF OF
1 Tyler Brenner Brad Winchester Tyler Kennedy 60 1 2 2
2 Marc-Antoine Pouliot Kenndal McArdle Ryan Shannon 40 1 2 2
PowerPlay Defense
Defense Defense Time % Phy DF OF
1 Alexander Sulzer Victor Hedman 60 1 2 2
2 Shawn Belle Davis Drewiske 40 1 2 2
Penalty Kill 4 Players Forward
Center Wing Time % Phy DF OF
1 Brad Winchester Tyler Kennedy 60 1 2 2
2 Ryan Shannon Tyler Brenner 40 1 2 2
Penalty Kill 4 Players Defense
Defense Defense Time % Phy DF OF
1 Alexander Sulzer Victor Hedman 60 1 2 2
2 Shawn Belle Davis Drewiske 40 1 2 2
Penalty Kill - 3 Players Forward
Forward Time % Phy DF OF
1 Brad Winchester 60 1 2 2
2 Tyler Kennedy 40 1 2 2
Penalty Kill - 3 Players Defense
Defense Defense Time % Phy DF OF
1 Alexander Sulzer Victor Hedman 60 1 2 2
2 Shawn Belle Davis Drewiske 40 1 2 2
4 vs 4 Forward
Center Wing Time % Phy DF OF
1 Brad Winchester Tyler Kennedy 60 1 2 2
2 Ryan Shannon Tyler Brenner 40 1 2 2
4 vs 4 Defense
Defense Defense Time % Phy DF OF
1 Alexander Sulzer Victor Hedman 60 1 2 2
2 Shawn Belle Davis Drewiske 40 1 2 2
Last Minutes Offensive
Center Left Wing Right Wing Defense Defense
Tyler Brenner Brad Winchester Tyler Kennedy Alexander Sulzer Victor Hedman
Last Minutes Defensive
Center Left Wing Right Wing Defense Defense
Tyler Brenner Brad Winchester Tyler Kennedy Alexander Sulzer Victor Hedman
Goaltenders
Starting : Alex Auld
Backup : Sergei Bobrovsky
Extra Forwards
Normal : Drew Larman, Anthony Nigro, Nick Johnson - PP : Drew Larman, Anthony Nigro - PK : Nick Johnson
Extra Defensemen
Normal : Roman Polak, Mac Bennett, Trevor Van Riemsdyk - PP : Roman Polak - PK : Mac Bennett, Trevor Van Riemsdyk
Penalty Shots
Brad Winchester, Tyler Kennedy, Ryan Shannon, Tyler Brenner, Kenndal McArdle
Thunder
5 vs 5 Forward
Center Left Wing Right Wing Time % Phy DF OF
1 Tom Pyatt Scott Parse Adam Hall 40 1 2 2
2 Ryan O'Reilly Carl Hagelin Pierre-Alexandre Parentea30 1 2 2
3 Brandon Mashinter Casey Pierro-Zabotel David Clarkson 20 1 2 2
4 Kelly Zajac Dalton Smith Robin Leblanc 10 1 2 2
5 vs 5 Defense
Defense Defense Time % Phy DF OF
1 Keith Yandle Matt Generous 40 1 2 2
2 Joey Ryan David Fischer 30 1 2 2
3 Brett Festerling Mat Clark 20 1 2 2
4 Colby Cohen Dmitri Orlov 10 1 2 2
PowerPlay Forward
Center Left Wing Right Wing Time % Phy DF OF
1 Tom Pyatt Scott Parse Adam Hall 60 1 2 2
2 Ryan O'Reilly Carl Hagelin Pierre-Alexandre Parentea40 1 2 2
PowerPlay Defense
Defense Defense Time % Phy DF OF
1 Keith Yandle Matt Generous 60 1 2 2
2 Joey Ryan David Fischer 40 1 2 2
Penalty Kill 4 Players Forward
Center Wing Time % Phy DF OF
1 Scott Parse Adam Hall 60 1 2 2
2 Pierre-Alexandre ParenteaDavid Clarkson 40 1 2 2
Penalty Kill 4 Players Defense
Defense Defense Time % Phy DF OF
1 Keith Yandle Matt Generous 60 1 2 2
2 Joey Ryan David Fischer 40 1 2 2
Penalty Kill - 3 Players Forward
Forward Time % Phy DF OF
1 Scott Parse 60 1 2 2
2 Adam Hall 40 1 2 2
Penalty Kill - 3 Players Defense
Defense Defense Time % Phy DF OF
1 Keith Yandle Matt Generous 60 1 2 2
2 Joey Ryan David Fischer 40 1 2 2
4 vs 4 Forward
Center Wing Time % Phy DF OF
1 Scott Parse Adam Hall 60 1 2 2
2 Pierre-Alexandre ParenteaDavid Clarkson 40 1 2 2
4 vs 4 Defense
Defense Defense Time % Phy DF OF
1 Keith Yandle Matt Generous 60 1 2 2
2 Joey Ryan David Fischer 40 1 2 2
Last Minutes Offensive
Center Left Wing Right Wing Defense Defense
Tom Pyatt Scott Parse Adam Hall Keith Yandle Matt Generous
Last Minutes Defensive
Center Left Wing Right Wing Defense Defense
Tom Pyatt Scott Parse Adam Hall Keith Yandle Matt Generous
Goaltenders
Starting : Corey Crawford
Backup : Barry Brust
Extra Forwards
Normal : Jannik Hansen, Bobby Farnham, Robin Leblanc - PP : Jannik Hansen, Bobby Farnham - PK : Robin Leblanc
Extra Defensemen
Normal : Jesse Blacker, Taylor Doherty, Derek Forbort - PP : Jesse Blacker - PK : Taylor Doherty, Derek Forbort
Penalty Shots
Scott Parse, Adam Hall, Pierre-Alexandre Parenteau, David Clarkson, Tom Pyatt
% Time on Ice - Atomiques
Lines # - Real PCT - Wanted PCT - Time Play
Normal Forward
1 - 32% - 40% - 16:19
2 - 26% - 30% - 13:33
3 - 24% - 20% - 12:21
4 - 18% - 10% - 9:06
Normal Defense
1 - 40% - 40% - 20:35
2 - 31% - 30% - 16:05
3 - 20% - 20% - 10:07
4 - 9% - 10% - 4:32
PP Forward
1 - 57% - 60% - 2:30
2 - 43% - 40% - 1:53
PP Defense
1 - 62% - 60% - 2:44
2 - 38% - 40% - 1:39
PK Forward
1 - 76% - 60% - 3:01
2 - 24% - 40% - 0:57
PK Defense
1 - 61% - 60% - 2:24
2 - 39% - 40% - 1:34
PK3 Forward
1 - 0% - 60%
2 - 0% - 40%
PK3 Defense
1 - 0% - 60%
2 - 0% - 40%
44 Forward
1 - 0% - 60%
2 - 0% - 40%
44 Defense
1 - 0% - 60%
2 - 0% - 40%
Last Minute Offensive - 0:00
Last Minute Defensive - 0:20
Total
Forward - 60:00
Defense - 60:00
|
% Time on Ice - Thunder
Lines # - Real PCT - Wanted PCT - Time Play
Normal Forward
1 - 35% - 40% - 18:15
2 - 31% - 30% - 15:51
3 - 21% - 20% - 10:54
4 - 13% - 10% - 6:39
Normal Defense
1 - 39% - 40% - 20:01
2 - 30% - 30% - 15:26
3 - 20% - 20% - 10:20
4 - 11% - 10% - 5:52
PP Forward
1 - 56% - 60% - 2:13
2 - 44% - 40% - 1:45
PP Defense
1 - 65% - 60% - 2:35
2 - 35% - 40% - 1:23
PK Forward
1 - 83% - 60% - 3:38
2 - 17% - 40% - 0:45
PK Defense
1 - 57% - 60% - 2:30
2 - 43% - 40% - 1:53
PK3 Forward
1 - 0% - 60%
2 - 0% - 40%
PK3 Defense
1 - 0% - 60%
2 - 0% - 40%
44 Forward
1 - 0% - 60%
2 - 0% - 40%
44 Defense
1 - 0% - 60%
2 - 0% - 40%
Last Minute Offensive - 0:00
Last Minute Defensive - 0:00
Total
Forward - 60:00
Defense - 60:00
|
Play by Play
1st period
0:01 of 1st period - Tom Pyatt wins face-off versus Tyler Brenner in neutral zone.
0:06 of 1st period - Slapshot by Keith Yandle.
0:06 of 1st period - Stopped by Alex Auld with a rebound.
0:43 of 1st period - Off-side.
0:44 of 1st period - Brandon Mashinter wins face-off versus Marc-André Cliche in neutral zone.
0:53 of 1st period - Snap shot by Brandon Mashinter.
0:53 of 1st period - Stopped by Alex Auld with a rebound.
0:55 of 1st period - Snap shot by Brett Festerling.
0:55 of 1st period - Deflect By Marc-André Cliche.
0:55 of 1st period - Stopped by Alex Auld without a rebound.
0:56 of 1st period - Kelly Zajac wins face-off versus Brett Sutter in Atomiques zone.
1:45 of 1st period - Joey Ryan is hit by Kyle Wharton and loses puck.
2:02 of 1st period - Marc-André Cliche is hit by Joey Ryan and loses puck.
2:22 of 1st period - Brandon Mashinter is hit by Alex Berry.
2:38 of 1st period - Snap shot by Tyler Brenner.
2:38 of 1st period - Deflect By Scott Parse.
2:38 of 1st period - Stopped by Corey Crawford with a rebound.
2:40 of 1st period - Wrist shot by Tyler Brenner.
2:40 of 1st period - Shot Misses the Net.
3:44 of 1st period - Slapshot by Victor Hedman.
3:44 of 1st period - Stopped by Corey Crawford without a rebound.
3:45 of 1st period - Marc-Antoine Pouliot wins face-off versus Tom Pyatt in Thunder zone.
4:10 of 1st period - Tyler Brenner is hit by Ryan O'Reilly and loses puck.
4:15 of 1st period - Snap shot by Pierre-Alexandre Parenteau.
4:15 of 1st period - Shot Misses the Net.
4:17 of 1st period - Wrist shot by Ryan O'Reilly.
4:17 of 1st period - Stopped by Alex Auld without a rebound.
4:18 of 1st period - Tyler Brenner wins face-off versus Ryan O'Reilly in Atomiques zone.
4:18 of 1st period - Tyler Brenner is hit by Pierre-Alexandre Parenteau.
4:23 of 1st period - Icing by Brad Winchester.
4:24 of 1st period - Ryan O'Reilly wins face-off versus Tyler Brenner in Atomiques zone.
4:37 of 1st period - Snap shot by Carl Hagelin.
4:37 of 1st period - Stopped by Alex Auld without a rebound.
4:38 of 1st period - Tom Pyatt wins face-off versus Ryan Shannon in Atomiques zone.
4:39 of 1st period - Snap shot by Adam Hall.
4:39 of 1st period - Shot Misses the Net.
5:25 of 1st period - Icing by Tyler Brenner.
5:26 of 1st period - Dalton Smith wins face-off versus Tyler Brenner in Atomiques zone.
5:29 of 1st period - Wrist shot by Robin Leblanc.
5:29 of 1st period - Deflect By Alexander Sulzer.
5:29 of 1st period - Stopped by Alex Auld without a rebound.
5:30 of 1st period - Kelly Zajac wins face-off versus Marc-André Cliche in Atomiques zone.
5:31 of 1st period - Slapshot by Robin Leblanc.
5:31 of 1st period - Stopped by Alex Auld without a rebound.
5:32 of 1st period - Adam Hall wins face-off versus Marc-André Cliche in Atomiques zone.
5:45 of 1st period - Snap shot by Scott Parse.
5:45 of 1st period - Stopped by Alex Auld with a rebound.
6:05 of 1st period - Wrist shot by Marc-Antoine Pouliot.
6:05 of 1st period - Stopped by Corey Crawford with a rebound.
6:07 of 1st period - Snap shot by Shawn Belle.
6:07 of 1st period - Deflect By Kenndal McArdle.
6:07 of 1st period - Shot Misses the Net.
6:07 of 1st period - Puck is out of play.
6:08 of 1st period - Tom Pyatt wins face-off versus Tyler Brenner in Thunder zone.
6:39 of 1st period - Off-side.
6:40 of 1st period - Ryan O'Reilly wins face-off versus Brett Sutter in neutral zone.
6:45 of 1st period - Wrist shot by Pierre-Alexandre Parenteau.
6:45 of 1st period - Shot Misses the Net.
7:15 of 1st period - Snap shot by Alex Berry.
7:15 of 1st period - Shot Misses the Net.
7:17 of 1st period - Wrist shot by Scott Jackson.
7:17 of 1st period - Stopped by Corey Crawford with a rebound.
7:19 of 1st period - Backhand shot by Casey Borer.
7:19 of 1st period - Stopped by Corey Crawford with a rebound.
7:21 of 1st period - Slapshot by Casey Borer.
7:21 of 1st period - Stopped by Corey Crawford with a rebound.
7:23 of 1st period - Slapshot by Alex Berry.
7:23 of 1st period - Shot Blocked by Pierre-Alexandre Parenteau.
7:53 of 1st period - Snap shot by Pierre-Alexandre Parenteau.
7:53 of 1st period - Stopped by Alex Auld with a rebound.
8:09 of 1st period - Snap shot by Pierre-Alexandre Parenteau.
8:09 of 1st period - Shot Blocked by John McCarthy.
8:43 of 1st period - Off-side.
8:44 of 1st period - Tom Pyatt wins face-off versus Tyler Brenner in neutral zone.
8:55 of 1st period - Wrist shot by Adam Hall.
8:55 of 1st period - Stopped by Alex Auld with a rebound.
9:49 of 1st period - Wrist shot by Brad Winchester.
9:49 of 1st period - Shot Misses the Net.
9:51 of 1st period - Snap shot by Clayton Stoner.
9:51 of 1st period - Shot Blocked by Adam Hall.
9:53 of 1st period - Snap shot by Brad Winchester.
9:53 of 1st period - Goal by Brad Winchester - Atomiques : 1 - Thunder : 0.
9:54 of 1st period - Adam Hall wins face-off versus Tyler Brenner in neutral zone.
10:19 of 1st period - Brandon Mashinter is hit by Marc-Antoine Pouliot and loses puck.
11:02 of 1st period - Icing by Adam Hall.
11:03 of 1st period - Tom Pyatt wins face-off versus Tyler Brenner in Thunder zone.
11:08 of 1st period - Slapshot by Adam Hall.
11:08 of 1st period - Shot Misses the Net.
11:38 of 1st period - Icing by Brett Festerling.
11:39 of 1st period - Casey Pierro-Zabotel wins face-off versus Tyler Brenner in Thunder zone.
11:39 of 1st period - Casey Pierro-Zabotel is hit by Tyler Kennedy.
11:53 of 1st period - Wrist shot by Brandon Mashinter.
11:53 of 1st period - Shot Misses the Net.
11:55 of 1st period - Snap shot by Brandon Mashinter.
11:55 of 1st period - Stopped by Alex Auld without a rebound.
11:56 of 1st period - Tom Pyatt wins face-off versus Marc-Antoine Pouliot in Atomiques zone.
11:57 of 1st period - Snap shot by Scott Parse.
11:57 of 1st period - Shot Misses the Net.
12:23 of 1st period - Off-side.
12:24 of 1st period - Brad Winchester wins face-off versus Brandon Mashinter in neutral zone.
12:31 of 1st period - Snap shot by Tyler Kennedy.
12:31 of 1st period - Stopped by Corey Crawford with a rebound.
12:33 of 1st period - Wrist shot by Tyler Brenner.
12:33 of 1st period - Stopped by Corey Crawford without a rebound.
12:34 of 1st period - Marc-Antoine Pouliot wins face-off versus Tom Pyatt in Thunder zone.
13:10 of 1st period - Wrist shot by Pierre-Alexandre Parenteau.
13:10 of 1st period - Shot Misses the Net.
13:28 of 1st period - Wrist shot by David Clarkson.
13:28 of 1st period - Stopped by Alex Auld with a rebound.
14:04 of 1st period - Snap shot by Keith Yandle.
14:04 of 1st period - Stopped by Alex Auld with a rebound.
14:10 of 1st period - Wrist shot by Kenndal McArdle.
14:10 of 1st period - Goal by Kenndal McArdle - Atomiques : 2 - Thunder : 0.
14:11 of 1st period - Tom Pyatt wins face-off versus Tyler Brenner in neutral zone.
14:14 of 1st period - Slapshot by Adam Hall.
14:14 of 1st period - Shot Misses the Net.
14:16 of 1st period - Slapshot by Joey Ryan.
14:16 of 1st period - Shot Misses the Net.
14:18 of 1st period - Wrist shot by Scott Parse.
14:18 of 1st period - Stopped by Alex Auld with a rebound.
14:20 of 1st period - Wrist shot by Scott Parse.
14:20 of 1st period - Stopped by Alex Auld with a rebound.
14:22 of 1st period - Snap shot by Scott Parse.
14:22 of 1st period - Shot Blocked by Shawn Belle.
15:24 of 1st period - Snap shot by Victor Hedman.
15:24 of 1st period - Shot Blocked by Matt Generous.
15:26 of 1st period - Snap shot by Brett Sutter.
15:26 of 1st period - Shot Blocked by Keith Yandle.
15:48 of 1st period - Snap shot by Scott Parse.
15:48 of 1st period - Shot Misses the Net.
16:08 of 1st period - Off-side.
16:09 of 1st period - Tom Pyatt wins face-off versus Marc-Antoine Pouliot in neutral zone.
17:20 of 1st period - Slapshot by Marc-André Cliche.
17:20 of 1st period - Stopped by Corey Crawford without a rebound.
17:21 of 1st period - Marc-André Cliche wins face-off versus Tom Pyatt in Thunder zone.
17:59 of 1st period - Andrew Kozek is hit by Keith Yandle and loses puck.
18:08 of 1st period - Nick Johnson is hit by Scott Parse and loses puck.
18:28 of 1st period - Slapshot by Scott Parse.
18:28 of 1st period - Shot Blocked by Clayton Stoner.
18:30 of 1st period - Snap shot by Scott Parse.
18:30 of 1st period - Shot Misses the Net.
18:32 of 1st period - Wrist shot by Scott Parse.
18:32 of 1st period - Stopped by Alex Auld without a rebound.
18:33 of 1st period - Brandon Mashinter wins face-off versus Tyler Brenner in Atomiques zone.
18:59 of 1st period - Alexander Sulzer is hit by Carl Hagelin and loses puck.
19:06 of 1st period - Slapshot by Ryan O'Reilly.
19:06 of 1st period - Stopped by Alex Auld without a rebound.
19:07 of 1st period - Ryan O'Reilly wins face-off versus Marc-Antoine Pouliot in Atomiques zone.
19:10 of 1st period - Wrist shot by Pierre-Alexandre Parenteau.
19:10 of 1st period - Shot Blocked by Davis Drewiske.
19:12 of 1st period - Snap shot by Pierre-Alexandre Parenteau.
19:12 of 1st period - Stopped by Alex Auld with a rebound.
19:14 of 1st period - Wrist shot by Pierre-Alexandre Parenteau.
19:14 of 1st period - Shot Blocked by Kenndal McArdle.
19:16 of 1st period - Snap shot by Ryan O'Reilly.
19:16 of 1st period - Shot Misses the Net.
19:18 of 1st period - Slapshot by Ryan O'Reilly.
19:18 of 1st period - Stopped by Alex Auld with a rebound.
19:20 of 1st period - Snap shot by Carl Hagelin.
19:20 of 1st period - Goal by Carl Hagelin - Atomiques : 2 - Thunder : 1.
19:21 of 1st period - Tom Pyatt wins face-off versus Tyler Brenner in neutral zone.
19:32 of 1st period - Wrist shot by Brad Winchester.
19:32 of 1st period - Stopped by Corey Crawford with a rebound.
19:34 of 1st period - Snap shot by Brad Winchester.
19:34 of 1st period - Stopped by Corey Crawford with a rebound.
19:36 of 1st period - Wrist shot by Tyler Kennedy.
19:36 of 1st period - Goal by Tyler Kennedy - Atomiques : 3 - Thunder : 1.
19:37 of 1st period - Tom Pyatt wins face-off versus Tyler Brenner in neutral zone.
19:48 of 1st period - Snap shot by Brad Winchester.
19:48 of 1st period - Stopped by Corey Crawford with a rebound.
19:50 of 1st period - Snap shot by Tyler Brenner.
19:50 of 1st period - Stopped by Corey Crawford without a rebound.
19:51 of 1st period - Tom Pyatt wins face-off versus Marc-Antoine Pouliot in Thunder zone.
Goals for this period are 3 for Atomiques vs 1 for Thunder.
Shots for this period are 16 for Atomiques vs 20 for Thunder.
2nd period
0:01 of 2nd period - Tyler Brenner wins face-off versus Tom Pyatt in neutral zone.
0:10 of 2nd period - Wrist shot by Tyler Kennedy.
0:10 of 2nd period - Stopped by Corey Crawford with a rebound.
0:33 of 2nd period - Icing by Marc-Antoine Pouliot.
0:34 of 2nd period - Ryan O'Reilly wins face-off versus Kenndal McArdle in Atomiques zone.
0:35 of 2nd period - Slapshot by Keith Yandle.
0:35 of 2nd period - Shot Misses the Net.
0:41 of 2nd period - Snap shot by Marc-Antoine Pouliot.
0:41 of 2nd period - Stopped by Corey Crawford with a rebound.
0:55 of 2nd period - Slapshot by Ryan Shannon.
0:55 of 2nd period - Stopped by Corey Crawford with a rebound.
0:57 of 2nd period - Slapshot by Victor Hedman.
0:57 of 2nd period - Stopped by Corey Crawford without a rebound.
0:58 of 2nd period - Tom Pyatt wins face-off versus Tyler Brenner in Thunder zone.
1:23 of 2nd period - Casey Pierro-Zabotel is hit by Davis Drewiske and loses puck.
1:54 of 2nd period - Snap shot by Pierre-Alexandre Parenteau.
1:54 of 2nd period - Shot Blocked by Alexander Sulzer.
2:55 of 2nd period - Snap shot by Nick Johnson.
2:55 of 2nd period - Stopped by Corey Crawford with a rebound.
3:17 of 2nd period - Snap shot by Ryan Shannon.
3:17 of 2nd period - Stopped by Corey Crawford without a rebound.
3:18 of 2nd period - Tyler Brenner wins face-off versus Tom Pyatt in Thunder zone.
3:43 of 2nd period - Brandon Mashinter is hit by Kenndal McArdle.
4:08 of 2nd period - Snap shot by Carl Hagelin.
4:08 of 2nd period - Shot Misses the Net.
5:08 of 2nd period - Brad Winchester is hit by Casey Pierro-Zabotel and loses puck.
5:38 of 2nd period - Snap shot by Carl Hagelin.
5:38 of 2nd period - Shot Misses the Net.
6:14 of 2nd period - Marc-Antoine Pouliot is hit by David Clarkson and loses puck.
7:27 of 2nd period - Off-side.
7:28 of 2nd period - Adam Hall wins face-off versus Kenndal McArdle in neutral zone.
7:34 of 2nd period - Off-side.
7:35 of 2nd period - Marc-Antoine Pouliot wins face-off versus Tom Pyatt in neutral zone.
8:04 of 2nd period - Snap shot by Pierre-Alexandre Parenteau.
8:04 of 2nd period - Goal by Pierre-Alexandre Parenteau - Atomiques : 3 - Thunder : 2.
8:05 of 2nd period - Tyler Brenner wins face-off versus Tom Pyatt in neutral zone.
8:41 of 2nd period - Snap shot by Pierre-Alexandre Parenteau.
8:41 of 2nd period - Stopped by Alex Auld with a rebound.
9:56 of 2nd period - Wrist shot by Pierre-Alexandre Parenteau.
9:56 of 2nd period - Shot Misses the Net.
10:12 of 2nd period - Casey Pierro-Zabotel is hit by Andrew Kozek and loses puck.
10:26 of 2nd period - Minor Penalty to Brandon Mashinter for Hooking.
10:27 of 2nd period - Scott Parse wins face-off versus Tyler Brenner in Thunder zone.
10:37 of 2nd period - Slapshot by Alexander Sulzer.
10:37 of 2nd period - Stopped by Corey Crawford with a rebound.
11:01 of 2nd period - Scott Parse is hit by Alexander Sulzer and loses puck.
11:41 of 2nd period - Icing by Ryan Shannon.
11:42 of 2nd period - Robin Leblanc wins face-off versus Marc-Antoine Pouliot in Atomiques zone.
12:26 of 2nd period - Penalty to Brandon Mashinter is over, Brandon Mashinter is back on ice.
12:34 of 2nd period - Wrist shot by Brandon Mashinter.
12:34 of 2nd period - Shot Misses the Net.
12:36 of 2nd period - Wrist shot by Brandon Mashinter.
12:36 of 2nd period - Stopped by Alex Auld without a rebound.
12:37 of 2nd period - Marc-André Cliche wins face-off versus Ryan O'Reilly in Atomiques zone.
12:37 of 2nd period - Marc-André Cliche is hit by Pierre-Alexandre Parenteau.
12:46 of 2nd period - Off-side.
12:47 of 2nd period - Ryan O'Reilly wins face-off versus Marc-André Cliche in neutral zone.
13:56 of 2nd period - Snap shot by Ryan O'Reilly.
13:56 of 2nd period - Shot Misses the Net.
14:01 of 2nd period - Minor Penalty to Mat Clark for Holding Stick.
14:02 of 2nd period - Scott Parse wins face-off versus Tyler Brenner in Thunder zone.
15:01 of 2nd period - Kenndal McArdle is hit by Dalton Smith and loses puck.
15:26 of 2nd period - Matt Generous is hit by Alexander Sulzer and loses puck.
15:37 of 2nd period - Marc-Antoine Pouliot is hit by Pierre-Alexandre Parenteau and loses puck.
16:01 of 2nd period - Penalty to Mat Clark is over, Mat Clark is back on ice.
16:14 of 2nd period - Snap shot by David Clarkson.
16:14 of 2nd period - Stopped by Alex Auld without a rebound.
16:15 of 2nd period - Marc-André Cliche wins face-off versus Brandon Mashinter in Atomiques zone.
16:22 of 2nd period - Snap shot by David Clarkson.
16:22 of 2nd period - Shot Blocked by Andrew Kozek.
16:40 of 2nd period - Dalton Smith is hit by Davis Drewiske and loses puck.
17:17 of 2nd period - Pierre-Alexandre Parenteau is hit by Casey Borer and loses puck.
17:26 of 2nd period - Slapshot by Carl Hagelin.
17:26 of 2nd period - Stopped by Alex Auld without a rebound.
17:27 of 2nd period - Brandon Mashinter wins face-off versus Tyler Brenner in Atomiques zone.
17:28 of 2nd period - Slapshot by Keith Yandle.
17:28 of 2nd period - Stopped by Alex Auld with a rebound.
17:42 of 2nd period - Slapshot by Tyler Kennedy.
17:42 of 2nd period - Shot Blocked by Keith Yandle.
17:57 of 2nd period - Victor Hedman is hit by Scott Parse and loses puck.
18:14 of 2nd period - Snap shot by Carl Hagelin.
18:14 of 2nd period - Shot Misses the Net.
18:16 of 2nd period - Slapshot by Keith Yandle.
18:16 of 2nd period - Stopped by Alex Auld with a rebound.
18:18 of 2nd period - Wrist shot by Ryan O'Reilly.
18:18 of 2nd period - Goal by Ryan O'Reilly - Atomiques : 3 - Thunder : 3.
18:19 of 2nd period - Tom Pyatt wins face-off versus Brad Winchester in neutral zone.
18:30 of 2nd period - Snap shot by Tom Pyatt.
18:30 of 2nd period - Stopped by Alex Auld with a rebound.
18:32 of 2nd period - Slapshot by Joey Ryan.
18:32 of 2nd period - Deflect By Tom Pyatt.
18:32 of 2nd period - Shot Misses the Net.
18:32 of 2nd period - Puck is out of play.
18:33 of 2nd period - Tom Pyatt wins face-off versus Tyler Brenner in Atomiques zone.
18:34 of 2nd period - Wrist shot by Scott Parse.
18:34 of 2nd period - Shot Misses the Net.
18:36 of 2nd period - Slapshot by Keith Yandle.
18:36 of 2nd period - Shot Misses the Net.
18:42 of 2nd period - Wrist shot by Tom Pyatt.
18:42 of 2nd period - Deflect By Adam Hall.
18:42 of 2nd period - Shot Misses the Net.
18:42 of 2nd period - Puck is out of play.
18:43 of 2nd period - Tyler Brenner wins face-off versus Tom Pyatt in Atomiques zone.
19:05 of 2nd period - Wrist shot by Tom Pyatt.
19:05 of 2nd period - Shot Misses the Net.
19:07 of 2nd period - Snap shot by Adam Hall.
19:07 of 2nd period - Shot Misses the Net.
19:09 of 2nd period - Slapshot by Keith Yandle.
19:09 of 2nd period - Stopped by Alex Auld with a rebound.
19:14 of 2nd period - Minor Penalty to Alexander Sulzer for Interference.
19:15 of 2nd period - Ryan O'Reilly wins face-off versus Brad Winchester in Atomiques zone.
Goals for this period are 0 for Atomiques vs 2 for Thunder.
Shots for this period are 7 for Atomiques vs 10 for Thunder.
3rd period
0:01 of 3rd period - Tom Pyatt wins face-off versus Brad Winchester in neutral zone.
0:15 of 3rd period - Backhand shot by Tyler Kennedy.
0:15 of 3rd period - Shot Blocked by Matt Generous.
1:14 of 3rd period - Penalty to Alexander Sulzer is over, Alexander Sulzer is back on ice.
1:51 of 3rd period - Snap shot by Alex Berry.
1:51 of 3rd period - Deflect By Brett Sutter.
1:51 of 3rd period - Shot Blocked by Joey Ryan.
1:51 of 3rd period - Puck is out of play.
1:52 of 3rd period - Marc-Antoine Pouliot wins face-off versus Tom Pyatt in Thunder zone.
3:11 of 3rd period - Wrist shot by Robin Leblanc.
3:11 of 3rd period - Shot Blocked by Shawn Belle.
3:27 of 3rd period - Slapshot by Kenndal McArdle.
3:27 of 3rd period - Shot Misses the Net.
3:41 of 3rd period - Shawn Belle is hit by Ryan O'Reilly and loses puck.
4:00 of 3rd period - Kenndal McArdle is hit by Mat Clark and loses puck.
4:09 of 3rd period - Wrist shot by Brandon Mashinter.
4:09 of 3rd period - Stopped by Alex Auld without a rebound.
4:10 of 3rd period - Tom Pyatt wins face-off versus Tyler Brenner in Atomiques zone.
4:15 of 3rd period - Snap shot by Scott Parse.
4:15 of 3rd period - Shot Hit the Post.
4:35 of 3rd period - Andrew Kozek is hit by Ryan O'Reilly and loses puck.
4:56 of 3rd period - Slapshot by Brett Sutter.
4:56 of 3rd period - Stopped by Corey Crawford with a rebound.
6:05 of 3rd period - Brad Winchester is hit by David Fischer and loses puck.
6:32 of 3rd period - Off-side.
6:33 of 3rd period - David Clarkson wins face-off versus John McCarthy in neutral zone.
6:41 of 3rd period - Mat Clark is hit by Shawn Belle and loses puck.
6:56 of 3rd period - Slapshot by John McCarthy.
6:56 of 3rd period - Shot Misses the Net.
7:20 of 3rd period - Dalton Smith is hit by Alex Berry and loses puck.
7:43 of 3rd period - Snap shot by Alex Berry.
7:43 of 3rd period - Shot Blocked by Keith Yandle.
8:19 of 3rd period - Slapshot by Alex Berry.
8:19 of 3rd period - Deflect By Brett Sutter.
8:19 of 3rd period - Shot Misses the Net.
8:19 of 3rd period - Puck is out of play.
8:20 of 3rd period - Tom Pyatt wins face-off versus Brad Winchester in Thunder zone.
8:20 of 3rd period - Tom Pyatt is hit by Brad Winchester.
8:42 of 3rd period - Minor Penalty to Colby Cohen for Holding.
8:43 of 3rd period - Scott Parse wins face-off versus Tyler Brenner in Thunder zone.
8:56 of 3rd period - Snap shot by Brad Winchester.
8:56 of 3rd period - Shot Misses the Net.
8:58 of 3rd period - Wrist shot by Tyler Brenner.
8:58 of 3rd period - Goal by Tyler Brenner - Atomiques : 4 - Thunder : 3.
8:59 of 3rd period - Tyler Brenner wins face-off versus Tom Pyatt in neutral zone.
9:15 of 3rd period - Off-side.
9:16 of 3rd period - Kenndal McArdle wins face-off versus Carl Hagelin in neutral zone.
9:43 of 3rd period - Victor Hedman is hit by David Clarkson and loses puck.
10:08 of 3rd period - Wrist shot by Tyler Kennedy.
10:08 of 3rd period - Shot Misses the Net.
10:10 of 3rd period - Slapshot by Alexander Sulzer.
10:10 of 3rd period - Shot Misses the Net.
10:12 of 3rd period - Wrist shot by Nick Johnson.
10:12 of 3rd period - Shot Blocked by Joey Ryan.
10:14 of 3rd period - Slapshot by Victor Hedman.
10:14 of 3rd period - Stopped by Corey Crawford with a rebound.
10:16 of 3rd period - Snap shot by Alexander Sulzer.
10:16 of 3rd period - Stopped by Corey Crawford without a rebound.
10:17 of 3rd period - Ryan O'Reilly wins face-off versus Marc-Antoine Pouliot in Thunder zone.
10:44 of 3rd period - Scott Parse is hit by Davis Drewiske and loses puck.
10:51 of 3rd period - Snap shot by Adam Hall.
10:51 of 3rd period - Shot Blocked by Davis Drewiske.
11:22 of 3rd period - Wrist shot by Ryan O'Reilly.
11:22 of 3rd period - Goal by Ryan O'Reilly - Atomiques : 4 - Thunder : 4.
11:23 of 3rd period - Adam Hall wins face-off versus Tyler Brenner in neutral zone.
12:08 of 3rd period - Icing by Clayton Stoner.
12:09 of 3rd period - Brandon Mashinter wins face-off versus Marc-André Cliche in Atomiques zone.
12:14 of 3rd period - Wrist shot by Scott Parse.
12:14 of 3rd period - Stopped by Alex Auld with a rebound.
12:16 of 3rd period - Snap shot by Adam Hall.
12:16 of 3rd period - Deflect By Scott Parse.
12:16 of 3rd period - Stopped by Alex Auld with a rebound.
12:18 of 3rd period - Slapshot by David Fischer.
12:18 of 3rd period - Stopped by Alex Auld without a rebound.
12:19 of 3rd period - Tom Pyatt wins face-off versus Tyler Brenner in Atomiques zone.
12:26 of 3rd period - Snap shot by Tom Pyatt.
12:26 of 3rd period - Stopped by Alex Auld with a rebound.
12:28 of 3rd period - Slapshot by Matt Generous.
12:28 of 3rd period - Stopped by Alex Auld without a rebound.
12:29 of 3rd period - Tom Pyatt wins face-off versus Tyler Brenner in Atomiques zone.
12:30 of 3rd period - Slapshot by Adam Hall.
12:30 of 3rd period - Stopped by Alex Auld with a rebound.
12:32 of 3rd period - Wrist shot by Scott Parse.
12:32 of 3rd period - Stopped by Alex Auld with a rebound.
12:34 of 3rd period - Wrist shot by Adam Hall.
12:34 of 3rd period - Stopped by Alex Auld with a rebound.
13:37 of 3rd period - Snap shot by Brandon Mashinter.
13:37 of 3rd period - Stopped by Alex Auld without a rebound.
13:38 of 3rd period - Kelly Zajac wins face-off versus Brett Sutter in Atomiques zone.
13:39 of 3rd period - Slapshot by Keith Yandle.
13:39 of 3rd period - Deflect By Dalton Smith.
13:39 of 3rd period - Shot Blocked by John McCarthy.
13:39 of 3rd period - Puck is out of play.
13:40 of 3rd period - Tyler Brenner wins face-off versus Kelly Zajac in Atomiques zone.
14:10 of 3rd period - Tom Pyatt is hit by Marc-Antoine Pouliot and loses puck.
14:50 of 3rd period - Snap shot by David Clarkson.
14:50 of 3rd period - Shot Misses the Net.
14:52 of 3rd period - Snap shot by David Clarkson.
14:52 of 3rd period - Deflect By Brandon Mashinter.
14:52 of 3rd period - Stopped by Alex Auld with a rebound.
14:54 of 3rd period - Snap shot by Casey Pierro-Zabotel.
14:54 of 3rd period - Stopped by Alex Auld without a rebound.
14:55 of 3rd period - Tyler Brenner wins face-off versus Scott Parse in Atomiques zone.
15:00 of 3rd period - Tyler Kennedy is hit by Tom Pyatt and loses puck.
15:07 of 3rd period - Slapshot by Alexander Sulzer.
15:07 of 3rd period - Stopped by Corey Crawford without a rebound.
15:08 of 3rd period - Tyler Brenner wins face-off versus Tom Pyatt in Thunder zone.
15:20 of 3rd period - Minor Penalty to Tyler Brenner for Tripping.
15:21 of 3rd period - Tom Pyatt wins face-off versus Brad Winchester in Atomiques zone.
15:54 of 3rd period - Slapshot by Keith Yandle.
15:54 of 3rd period - Stopped by Alex Auld with a rebound.
16:56 of 3rd period - Alexander Sulzer is hit by Matt Generous and loses puck.
17:20 of 3rd period - Penalty to Tyler Brenner is over, Tyler Brenner is back on ice.
17:37 of 3rd period - Wrist shot by Tyler Brenner.
17:37 of 3rd period - Shot Misses the Net.
17:39 of 3rd period - Wrist shot by Kenndal McArdle.
17:39 of 3rd period - Deflect By Dalton Smith.
17:39 of 3rd period - Shot Misses the Net.
17:39 of 3rd period - Puck is out of play.
17:40 of 3rd period - Brandon Mashinter wins face-off versus Marc-Antoine Pouliot in Thunder zone.
17:42 of 3rd period - Minor Penalty to David Clarkson for Roughing.
17:43 of 3rd period - Tyler Brenner wins face-off versus Scott Parse in Thunder zone.
17:45 of 3rd period - Snap shot by Tyler Kennedy.
17:45 of 3rd period - Stopped by Corey Crawford with a rebound.
17:49 of 3rd period - Snap shot by Tyler Kennedy.
17:49 of 3rd period - Deflect By Tyler Brenner.
17:49 of 3rd period - Stopped by Corey Crawford without a rebound.
17:50 of 3rd period - Tyler Brenner wins face-off versus Scott Parse in Thunder zone.
17:51 of 3rd period - Wrist shot by Tyler Kennedy.
17:51 of 3rd period - Goal by Tyler Kennedy - Atomiques : 5 - Thunder : 4.
17:52 of 3rd period - Marc-André Cliche wins face-off versus Brandon Mashinter in neutral zone.
18:24 of 3rd period - Slapshot by Marc-André Cliche.
18:24 of 3rd period - Shot Misses the Net.
18:46 of 3rd period - Thunder, Corey Crawford is pulled from the net.
18:46 of 3rd period - Backhand shot by Adam Hall.
18:46 of 3rd period - Stopped by Alex Auld without a rebound.
18:47 of 3rd period - Denis Savard call a timeout for Thunder.
18:47 of 3rd period - Tom Pyatt wins face-off versus Brad Winchester in Atomiques zone.
19:06 of 3rd period - Snap shot by Brad Winchester.
19:06 of 3rd period - Goal by Brad Winchester - Atomiques : 6 - Thunder : 4.
19:06 of 3rd period - Corey Crawford from Thunder was sent back in the game.
19:07 of 3rd period - Brandon Mashinter wins face-off versus Marc-André Cliche in neutral zone.
Goals for this period are 3 for Atomiques vs 1 for Thunder.
Shots for this period are 9 for Atomiques vs 15 for Thunder.
Back to the Top